 Dungeon Crawl Stone Soup version 0.31-a0-1611-g890cdf5628 (webtiles) character file.

Game seed: 7272006508632589161

10 Laraso the Slasher (level 2, 24/24 HPs)
             Began as a Draconian Gladiator on Jan 9, 2024.
             Quit the game on level 1 of the Dungeon.
             The game lasted 00:00:21 (273 turns).

Laraso the Slasher (Draconian Gladiator)             Turns: 273, Time: 00:00:21

Health: 24/24      AC:  4    Str: 16    XL:     2   Next: 10%
Magic:  2/2        EV: 12    Int:  8    God:
Gold:   36         SH:  0    Dex: 12    Spells: 1/1 levels left

rFire   . . .        a - +0 long sword
rCold   . . .        (no shield)
rNeg    . . .        (body armour unavailable)
rPois   .            b - +0 hat
rElec   .            (no cloak)
rCorr   .            (no gloves)
SInv    .            (no boots)
Will    .....        (no amulet)
Stlth   +            (no ring)
HPRegen 0.24/turn    (no ring)
MPRegen 0.08/turn

%: no passive effects
@: no status effects
A: AC +4, unfitting armour, cold-blooded
a: no special abilities


You were on level 1 of the Dungeon.
You visited 1 branch of the dungeon, and saw 1 of its levels.

You collected 36 gold pieces.

Inventory:

Hand Weapons
 a - a +0 long sword (weapon)
Missiles
 c - 3 throwing nets (quivered)
 d - 5 javelins
Armour
 b - a +0 hat (worn)
Scrolls
 e - a scroll of poison {unknown}
Potions
 f - a potion of attraction {unknown}


   Skills:
 - Level 2.1 Fighting
 * Level 3.6 Long Blades
 - Level 1.7 Throwing
 - Level 2.6 Dodging


You had one spell level left.
You didn't know any spells.
Your spell library was empty.

Dungeon Overview and Level Annotations

Branches:
Dungeon (1/15)

Altars:


Innate Abilities, Weirdness & Mutations

Your plain brown scales are hard. (AC +4)
You cannot fit into any form of body armour.
You are cold-blooded and may be slowed by cold attacks.


Message History

You barely miss the frilled lizard. The frilled lizard barely misses you.
The frilled lizard bites you but does no damage.
You slash the frilled lizard!
You kill the frilled lizard!
No target in view!
You open the door.
There is an open door here.
You open the door.
There is an open door here.
A dart slug comes into view.
A dart slug is nearby!
A dart slug is nearby!
A dart slug is nearby!
Found a stone staircase leading down.
The dart slug barely misses you.
You hit the dart slug.
The dart slug is heavily wounded.
The dart slug launches a dart at you. The slug dart hits you.
You hit the dart slug.
The dart slug is almost dead.
The dart slug barely misses you.
You hit the dart slug.
You kill the dart slug!
You have reached level 2!
You see here a dart slug corpse.
You see here a staff of conjuration.
You see here a staff of conjuration.
You see here a dart slug corpse.
Found a club.
You see here a +0 club.
d - 5 javelins (gained 4)
Found a short sword.
Found a stone.
You see here a +0 short sword.
A kobold comes into view. It is wielding a +0 dagger.
The kobold shouts!
You hear a shout!
A kobold is nearby!
A kobold is nearby!
A kobold is nearby!
Are you sure you want to abandon this character and quit the game? (Confirm with "yes".)

#.###.#.# ♣.♣
#.......# ♣<♣
##.###### ♣.♣
#.# ♣.♣ #.#
♣.♣ #.# ♣.♣
#.# ## ♣.♣
#.##.## ♣.♣
#.#@..####♣.♣
#).......#
#..(..####
####..# #.#
K# .# .#


You could see a kobold.

Vanquished Creatures
  2 dart slugs (D:1)
  An endoplasm (D:1)
  A goblin (D:1)
  A frilled lizard (D:1)
  2 rats (D:1)
7 creatures vanquished.

Notes
Turn   | Place    | Note
-------+----------+-------------------------------------------
     0 | D:1      | Laraso the Draconian Gladiator began the quest for the Orb.
     0 | D:1      | Reached XP level 1. HP: 17/17 MP: 1/1
   153 | D:1      | Reached XP level 2. HP: 24/24 MP: 2/2
   273 | D:1      | Quit the game

Illustrated notes

Levels and vault maps discovered:
D:1:      eino_arrival_tree_alley, layout_loops_corners

Action                     || total
---------------------------++-------
  Melee: Long sword        ||    17
         Tailslap          ||     2
 Armour: Skin              ||     3
  Dodge: Dodged            ||    12

Table legend: (Time is in decaauts)
 A = Elapsed time spent in this place.
 B = Non-inter-level travel time spent in this place.
 C = Inter-level travel time spent in this place.
 D = Time resting spent in this place.
 E = Time spent auto-exploring this place.
 F = Levels seen in this place.
 G = Mean time per level.
                   A        B        C        D        E       F      G
               +--------+--------+--------+--------+--------+-----+--------+
         Total |    277 |    277 |      0 |      0 |    226 |   1 |  277.0 |
       Dungeon |    277 |    277 |      0 |      0 |    226 |   1 |  277.0 |
               +--------+--------+--------+--------+--------+-----+--------+

Top non-repeatable levels by time:
     D:1: 277 daAuts
